 Dungeon Crawl Stone Soup version 0.22.1-2-g9c5b331 (webtiles) character file.

2606 marthius the Firebug (level 9, 0/57 HPs)
             Began as a Demonspawn Fire Elementalist on Dec 3, 2018.
             Was a Follower of Vehumet.
             Slain by a wight
             ... wielding a +5 morningstar of freezing
              (12 damage)
             ... on level 10 of the Dungeon.
             The game lasted 01:20:39 (11480 turns).

marthius the Firebug (DsFE)                        Turns: 11480, Time: 01:20:40

Health: 0/57       AC:  6    Str:  7 (8)  XL:     9   Next: 33%
Magic:  3/19       EV: 12    Int: 18 (21) God:    Vehumet [*.....]
Gold:   329        SH:  0    Dex: 10 (13) Spells: 12/22 levels left

rFire    + . .     SeeInvis .   o - +0 dagger (venom)
rCold    . . .     Gourm    +   (no shield)
rNeg     . . .     Faith    .   C - +0 robe
rPois    .         Spirit   .   (helmet restricted)
rElec    .         Reflect  .   E - +2 cloak
rCorr    .         Harm     .   (no gloves)
MR       .....                  N - +0 pair of boots
Stlth    +++.......             e - amulet of the gourmand
HPRegen  0.19/turn              d - ring of protection from fire
MPRegen  0.16/turn              V - ring of wizardry

@: flying, drained
A: hooves 2, horns 1, foul stench 1, nightstalker 1, rot immunity
a: Renounce Religion


You were on level 10 of the Dungeon.
You worshipped Vehumet.
Vehumet was aware of your devotion.
You were not hungry.

You visited 2 branches of the dungeon, and saw 10 of its levels.
You also visited: Ossuary.

You collected 329 gold pieces.

Inventory:

Hand Weapons
 f - a +0 club
 h - a +0 dagger
 o - a +0 dagger of venom (weapon)
 A - a +0 hunting sling
 M - a +4 dire flail of holy wrath
 O - a +3 dagger of venom
Missiles
 i - 378 stones (quivered)
Armour
 a - a +0 robe
 g - a +0 leather armour of fire resistance
 s - a +0 robe
 v - a +0 ring mail
 w - a +0 helmet
 y - a +0 leather armour
 C - a +0 robe (worn)
 E - a +2 cloak (worn)
 G - a +0 cloak
 H - a +1 leather armour of cold resistance
 J - a +0 ring mail
 N - a +0 pair of boots (worn)
Jewellery
 b - an uncursed ring of positive energy
 d - a ring of protection from fire (left hand)
 e - an amulet of the gourmand (around neck)
 Q - the ring "Kuyf" {+Fly rN+}
   (You found it on level 5 of the Dungeon)

   [ring of flight]

   It protects you from negative energy.
   It lets you fly.
 V - a ring of wizardry (right hand)
Wands
 p - a wand of polymorph (7)
 I - a wand of iceblast (5)
Scrolls
 k - 2 scrolls of immolation {unknown}
 l - a scroll of enchant weapon {unknown}
 n - 6 scrolls of remove curse
 x - 2 scrolls of fear {unknown}
 D - 3 scrolls of teleportation {unknown}
 F - 2 scrolls of amnesia {unknown}
 K - 5 scrolls of identify
 P - a scroll of vulnerability {unknown}
 R - 2 scrolls of enchant armour {unknown}
 T - a scroll of noise {unknown}
 U - a scroll of blinking {unknown}
 X - a scroll of fog {unknown}
Potions
 j - a potion of cancellation {unknown}
 m - 2 potions of degeneration
 q - 3 potions of flight
 r - a potion of lignification {unknown}
 t - a potion of magic {unknown}
 u - 5 potions of curing
 z - 4 potions of mutation {unknown}
 B - a potion of agility {unknown}
 L - 2 potions of heal wounds {unknown}
 S - 2 potions of brilliance {unknown}
Comestibles
 c - 9 rations


   Skills:
 - Level 1.8(1.2) Dodging
 - Level 1.9(1.4) Stealth
 + Level 7.0(6.3) Spellcasting
 + Level 7.3(6.6) Conjurations
 + Level 7.3(6.6) Fire Magic


You had 12 spell levels left.
You knew the following spells:

 Your Spells              Type           Power        Failure   Level  Hunger
a - Flame Tongue          Conj/Fire      ####.        1%          1    None
b - Conjure Flame         Conj/Fire      ####....     1%          3    ##.....
c - Fireball              Conj/Fire      ####......   9%          5    #####..
d - Animate Skeleton      Necr           N/A          4%          1    None

Your spell library contained the following spells:

 Spells                   Type           Power        Failure   Level  Hunger
 Magic Dart               Conj           ####         1%          1    None
 Throw Flame              Conj/Fire      ####..       1%          2    None
 Inner Flame              Hex/Fire       ###.....     3%          3    ##.....
 Sticky Flame             Conj/Fire      ####....     3%          4    ####...
 Pain                     Necr           #...         4%          1    None
 Regeneration             Chrm/Necr      #.........   14%         3    ##.....
 Vampiric Draining        Necr           #.........   14%         3    ##.....
 Animate Dead             Necr           N/A          41%         4    ####...


Dungeon Overview and Level Annotations

Branches:
Dungeon (10/15)            Temple (1/1) D:5
   Lair: D:8-11         Orc: D:9-12

Altars:
Ashenzari
Cheibriados
Dithmenos
Elyvilon
Fedhas
Hepliaklqana
Kikubaaqudgha
Makhleb
Okawaru
Qazlal
Ru
Sif Muna
Trog
Uskayaw
Vehumet
Wu Jian
Xom
Yredelemnul
Zin
The Shining One


Innate Abilities, Weirdness & Mutations

You have hoof-like feet.
You have a pair of small horns on your head.
You may emit foul miasma when damaged in melee.
You are slightly more attuned to the shadows.
You are immune to rotting.


Message History

You feel drained. The wight freezes you.
Casting: Flame Tongue (safe; 1% risk of failure)
Confirm with . or Enter, or press ? or * to list all spells.
Aiming: Flame Tongue (safe; 1% risk of failure)
Press: ? - help, Shift-Dir - straight line, f/p - wight
Aim: a wight, wielding a morningstar of freezing and wearing a robe (foul The flame tongue hits the wight.
The wight appears unharmed.
The wight is severely damaged.
The wight hits you with a morningstar of freezing!
* * * LOW HITPOINT WARNING * * *
The wight freezes you.
* * * LOW HITPOINT WARNING * * *
It was a potion of flight.
You feel very buoyant.
You fly up into the air.
The wight barely misses you.
It was a potion of degeneration.
There was something very wrong with that liquid.
You feel weakened.
You feel dopey.
You feel clumsy.
The wight hits you with a morningstar of freezing!
You die...

#########
#...@...#
#....z..#
#.......#
#.......#
#.......#
#.......#
........#


You could see a wight.

Vanquished Creatures
  Grinder (D:4)
  Edmund (D:4)
  A water moccasin (D:6)
  Duvessa (D:4)
  A necrophage (D:5)
  A sky beast (D:9)
  A black bear (D:9)
  2 ice beasts
  A phantom (D:4)
  A centaur (D:9)
  An ogre (D:6)
  A big kobold (D:5)
  2 elf zombies (Ossuary)
  Dowan (D:4)
  A scorpion (D:4)
  A hound (D:6)
  A human zombie (Ossuary)
  3 centaur zombies (Ossuary)
  A bullfrog zombie (D:6)
  3 orc priests
  A centaur skeleton (D:4)
  Jessica (D:2)
  Ijyb (D:3)
  Natasha (twice) (D:2)
  3 iguanas
  4 worker ants
  A killer bee zombie (D:6)
  2 big kobold zombies (Ossuary)
  3 hound zombies
  3 mummies (Ossuary)
  8 gnolls
  10 adders
  A white imp (D:2)
  An ufetubus (D:3)
  2 oozes
  An adder skeleton (D:6)
  An adder zombie (Ossuary)
  2 worms (D:4)
  3 dart slugs (D:1)
  3 leopard geckos
  12 orcs
  2 ball pythons
  2 bats
  3 giant cockroaches
  13 goblins
  14 hobgoblins
  20 jackals
  5 quokkas
  3 frilled lizards
  A gnoll zombie (Ossuary)
  4 goblin zombies (Ossuary)
  4 hobgoblin zombies (Ossuary)
  A jackal skeleton (D:5)
  2 jackal zombies (Ossuary)
  15 kobolds
  2 kobold zombies (Ossuary)
  5 quokka zombies (Ossuary)
  7 rats
  4 rat zombies (Ossuary)
198 creatures vanquished.

Notes
Turn   | Place    | Note
-------+----------+-------------------------------------------
     0 | D:1      | marthius the Demonspawn Fire Elementalist began the quest
                  | for the Orb.
     0 | D:1      | Reached XP level 1. HP: 13/13 MP: 3/3
   322 | D:1      | Gained mutation: You are immune to rotting. [demonic
                  | ancestry]
   322 | D:1      | Reached XP level 2. HP: 19/19 MP: 3/5
  1056 | D:1      | Reached XP level 3. HP: 24/24 MP: 4/6
  1261 | D:1      | Learned a level 3 spell: Conjure Flame
  2315 | D:1      | Gained mutation: You have large cloven feet. [demonic
                  | ancestry]
  2315 | D:1      | Reached XP level 4. HP: 10/30 MP: 3/8
  2649 | D:2      | Noticed Jessica
  2703 | D:2      | Killed Jessica
  2918 | D:2      | Noticed Natasha
  2926 | D:2      | Killed Natasha
  2926 | D:2      | Reached XP level 5. HP: 34/35 MP: 5/9
  2956 | D:2      | Found a burning altar of Makhleb.
  3146 | D:2      | Found a shadowy altar of Dithmenos.
  3194 | D:2      | Found a faded altar of an unknown god.
  3874 | D:2      | Noticed Natasha
  4070 | D:2      | Killed Natasha
  4102 | D:3      | Gained mutation: You may emit foul miasma when damaged in
                  | melee. [demonic ancestry]
  4102 | D:3      | Reached XP level 6. HP: 36/41 MP: 6/11
  5002 | D:4      | Noticed Grinder
  5039 | D:4      | Found a glowing golden altar of the Shining One.
  5546 | D:4      | Paralysed by Grinder for 3 turns
  5564 | D:4      | Noticed Ijyb
  5573 | D:4      | Killed Grinder
  5573 | D:4      | Reached skill level 5 in Fire Magic
  5573 | D:4      | Gained mutation: You have hoof-like feet. [demonic
                  | ancestry]
  5573 | D:4      | Reached XP level 7. HP: 24/46 MP: 1/13
  5642 | D:3      | Killed Ijyb
  5879 | D:4      | Noticed Edmund
  5903 | D:4      | Killed Edmund
  5903 | D:4      | Reached skill level 5 in Spellcasting
  5903 | D:4      | Reached skill level 5 in Conjurations
  6150 | D:4      | Found a basalt altar of Yredelemnul.
  6212 | D:4      | Found a bloodstained altar of Trog.
  6340 | D:4      | Noticed Duvessa
  6347 | D:4      | Gained mutation: You are slightly more attuned to the
                  | shadows. [demonic ancestry]
  6347 | D:4      | Reached XP level 8. HP: 52/52 MP: 11/15
  6379 | D:4      | Noticed Dowan
  6396 | D:4      | Killed Duvessa
  6599 | D:4      | Killed Dowan
  6873 | D:4      | Learned a level 5 spell: Fireball
  6911 | D:5      | Entered Level 5 of the Dungeon
  7306 | D:5      | Got a heavily runed wooden ring
  7316 | D:5      | Found a sand-covered staircase.
  7323 | Ossuary  | Entered an ossuary
  8393 | D:5      | Found a staircase to the Ecumenical Temple.
  8406 | Temple   | Entered the Ecumenical Temple
  8512 | Temple   | Became a worshipper of Vehumet
  9747 | D:5      | Found a hide-covered altar of Uskayaw.
  9938 | D:6      | Found a stormy altar of Qazlal.
  9955 | D:6      | Gained mutation: You have a pair of small horns on your
                  | head. [demonic ancestry]
  9955 | D:6      | Reached XP level 9. HP: 46/57 MP: 11/18
 10258 | D:6      | Found a stormy altar of Qazlal.
 10362 | D:6      | Reached * piety under Vehumet
 10362 | D:6      | Offered knowledge of Magic Dart by Vehumet.
 10511 | D:6      | Found an ornate altar of the Wu Jian Council.
 11259 | D:7      | Identified the ring "Kuyf" {+Fly rN+} (You found it on
                  | level 5 of the Dungeon)
 11266 | D:7      | Learned a level 1 spell: Animate Skeleton
 11314 | D:7      | You fall through a shaft for 2 floors!
 11474 | D:10     | Entered Level 10 of the Dungeon
 11480 | D:10     | Slain by a wight

Skill      XL: |  1  2  3  4  5  6  7  8  9 |
---------------+----------------------------+-----
Fire Magic     | 3 4 5 6 7 |  7.3
Conjurations   | 2 3 4 5 6 7 |  7.3
Spellcasting   | 3 4 5 6 7 |  7.0
Dodging        | |  1.8
Stealth        | |  1.9

Action                   |  1- 3 |  4- 6 |  7- 9 || total
-------------------------+-------+-------+-------++-------
Melee: Unarmed           |     5 |       |       ||     5
       Dagger            |     8 |    15 |       ||    23
       Kick              |       |     1 |       ||     1
Throw: Stone             |     1 |       |     2 ||     3
 Cast: Flame Tongue      |    76 |   170 |   299 ||   545
       Conjure Flame     |     3 |     2 |     8 ||    13
       Fireball          |       |       |     9 ||     9
Evoke: Wand              |       |     7 |     1 ||     8
  Use: Scroll            |     2 |       |     1 ||     3
       Potion            |       |       |     2 ||     2
  Eat: Chunk             |     9 |    14 |     9 ||    32
       Ration            |       |     1 |     2 ||     3
Armor: Robe              |    15 |    21 |    43 ||    79
       Skin              |       |     1 |       ||     1
Dodge: Dodged            |    54 |    70 |    89 ||   213
